Flyers vs Red Wings

Created - December 1, 2018 at 20:46

Goals
1 2 3 OT1 SO T
Flyers 0 2 0 0 2 3
Red Wings 0 1 1 0 1 2
Shots
1 2 3 OT1 SO T
Flyers 14 12 8 2 4 36
Red Wings 6 10 6 1 4 23

1st period

No Goal

Penalties :
Brent Seabrook (Det) for Holding (Minor) at 5:36, Matt Smaby (Phi) for Hooking (Minor) at 10:23

2nd period

1. Red Wings , Tyler Johnson 9 (Philip Samuelsson 14, Ole-Kristian Tollefsen 10) at 4:20
2. Flyers , Mats Zuccarello 5 (J.T. Miller 7, Jeff Woywitka 4) at 5:14
3. Flyers , Mats Zuccarello 6 (Nathan Beaulieu 5, Jeff Woywitka 5) at 13:54

Penalties :
Brent Seabrook (Det) for Hooking (Minor) at 6:13

3rd period

4. Red Wings , Chris Kelly 5 (Ales Hemsky 5, Alex Picard 6) at 2:37

Penalties :
Phil Kessel (Det) for Hooking (Minor) at 8:04, Mike Richards (Det) for Hooking (Minor) at 16:18

Overtime #1

No Goal

Penalties :
No Penalty

Shootout

Penalty Shot by Jeff Carter for Flyers - Shot Misses the Net
Penalty Shot by Phil Kessel for Red Wings - Stopped by Cory Schneider
Penalty Shot by Dany Heatley for Flyers - Stopped by James Reimer
Penalty Shot by Mike Richards for Red Wings - Stopped by Cory Schneider
Penalty Shot by Kyle Wellwood for Flyers - Goal!
Penalty Shot by Carson Mcmillan for Red Wings - Goal!
Penalty Shot by Jaromir Jagr for Flyers - Goal!
Penalty Shot by Alex Picard for Red Wings - Shot Misses the Net

Penalties :
No Penalty

Goalie Stats

Cory Schneider (Phi), 21 saves from 23 shots - (0.913), W, 7-1-1, 65:00 minutes
James Reimer (Det), 34 saves from 36 shots - (0.944), OTL, 7-2-2, 65:00 minutes

Players Stats for Flyers

Player Name              G  A  P  +/- PIM S  H  SB GA TA FO     MP     PP MP  PK MP  
------------------------------------------------------------------------------------
Brian McGrattan          0  0  0  -1  0   2  3  0  0  0  0/0     9:51   0:00   0:00 
Chris Mcallister         0  0  0  -1  0   1  0  0  1  0  0/0    10:51   0:00   0:57 
Dany Heatley             0  0  0  -1  0   2  1  0  1  1  0/0    12:01   0:00   0:09 
Drew Miller              0  0  0   0  0   2  2  0  1  0  0/0    20:19   3:35   0:00 
J.T. Miller              0  1  1   2  0   2  2  0  0  0  0/0    20:18   4:21   0:53 
Jakub Voracek            0  0  0   0  0   4  1  0  0  0  0/3    21:28   3:35   0:00 
Jaromir Jagr             0  0  0  -1  0   1  1  0  0  0  0/0    11:52   0:00   0:00 
Jeff Carter              0  0  0   0  0   2  2  0  0  0  11/20  21:22   3:31   0:00 
Jeff Woywitka            0  2  2   1  0   2  2  2  0  1  0/0    26:29   4:23   1:17 
Jonathan Ericsson        0  0  0  -2  0   3  2  0  0  2  0/0    22:08   4:23   0:34 
Kyle Wellwood            0  0  0   2  0   3  3  0  1  0  5/12   19:54   4:21   0:52 
Marcus Kruger            0  0  0  -1  0   3  1  0  1  0  3/6    12:55   0:04   0:10 
Mats Zuccarello          2  0  2   2  0   4  1  0  0  0  0/1    16:41   4:21   0:00 
Matt Smaby               0  0  0   1  2   2  3  0  1  1  0/0    21:57   3:33   0:00 
Matthew Lombardi         0  0  0  -1  0   0  1  0  0  0  3/7    10:20   0:00   0:57 
Nathan Beaulieu          0  1  1   0  0   1  3  0  0  0  0/0    17:19   0:00   0:53 
Oliver Ekman-Larsson     0  0  0  -1  0   2  2  0  0  1  0/0    25:35   3:33   1:13 
Victor Bartley           0  0  0   1  0   0  0  0  0  2  0/0    16:40   0:00   0:01 

Players Stats for Red Wings

Player Name              G  A  P  +/- PIM S  H  SB GA TA FO     MP     PP MP  PK MP  
------------------------------------------------------------------------------------
Adam Henrique            0  0  0   1  0   1  0  0  0  1  1/1    18:34   1:05   0:00 
Ales Hemsky              0  1  1   1  0   1  0  0  1  0  0/0    11:53   0:00   0:00 
Alex Picard              0  1  1   1  0   0  1  1  0  1  0/0    12:22   0:00   0:00 
Brent Seabrook           0  0  0  -1  4   1  3  0  0  0  0/0    21:08   1:11   0:10 
Carson Mcmillan          0  0  0  -1  0   0  0  0  0  0  0/0    12:31   0:00   3:51 
Chris Kelly              1  0  1   1  0   3  3  1  1  1  2/5    13:59   0:00   0:36 
Jiri Fischer             0  0  0  -1  0   0  0  1  1  0  0/0    23:31   0:00   4:08 
Lubomir Visnovsky        0  0  0   1  0   0  2  1  1  0  0/0    20:15   0:00   3:48 
Mike Richards            0  0  0  -1  2   2  1  0  1  0  8/18   16:55   0:54   0:00 
Nate Thompson            0  0  0  -1  0   2  2  0  0  0  2/2     8:40   0:00   0:00 
Oleg Saprykin            0  0  0  -1  0   0  1  0  0  1  0/1    13:01   0:00   3:49 
Ole-Kristian Tollefsen   0  1  1   0  0   4  2  0  0  0  0/0    23:49   0:48   4:08 
Phil Kessel              0  0  0   1  2   3  1  0  0  0  1/1    17:55   1:05   0:00 
Philip Samuelsson        0  1  1   0  0   1  1  0  1  1  0/0    24:16   1:11   3:38 
Ryan Whitney             0  0  0   1  0   0  1  1  0  0  0/0    16:53   0:48   0:00 
Sean Bergenheim          0  0  0  -1  0   1  2  0  2  1  0/0    20:15   0:54   3:44 
Tyler Johnson            1  0  1   1  0   3  1  0  0  0  13/21  21:18   1:05   3:52 
Tyler Toffoli            0  0  0  -1  0   1  2  0  0  0  0/0    14:45   0:54   0:00 

3 Stars

1 - Mats Zuccarello (Phi)
2 - Jeff Woywitka (Phi)
3 - Chris Kelly (Det)

Power Play

Flyers - 0 on 4 Attempt(s) - 0.00%
Red Wings - 0 on 1 Attempt(s) - 0.00%

Penalty Kill

Flyers - 1 on 1 Attempt(s) - 100.00% - Score 0 goal in Penalty Kill
Red Wings - 4 on 4 Attempt(s) - 100.00% - Score 0 goal in Penalty Kill

Team Stat

Flyers - Hits : 30 - Faceoff Wins : 22 - Blocked Shots : 2 - Penalty Minutes : 2
Red Wings - Hits : 23 - Faceoff Wins : 27 - Blocked Shots : 5 - Penalty Minutes : 8

Official

Referees : Unknown
Linesman : Unknown

Game Notes

4:20 of 2nd period - Red Wings goal is going for a video replay. After video review, Goal.
5:14 of 2nd period - Flyers goal is going for a video replay. After video review, Goal.

Finance

Level 1 -- Attendance: 5853 (97.55%) -- Ticket Income $509,211
Level 2 -- Attendance: 4946 (98.92%) -- Ticket Income $276,976
Level 3 -- Attendance: 1543 (77.15%) -- Ticket Income $58,634
Level 4 -- Attendance: 3113 (77.83%) -- Ticket Income $87,164
Luxury Box -- Attendance: 1000 (100.00%) -- Ticket Income $165,000
Game was played at the Joe Louis Arena.
Total Attendance: 16455 (91.42%)
Total Ticket Income: $1,096,985
Other Income: $164,548
Total Income: $1,261,533

Flyers

5 vs 5 Forward 
   Center                   Left Wing                Right Wing               Time % Phy DF OF 
 1 Jeff Carter              Drew Miller              Jakub Voracek            40     0   1  4  
 2 Kyle Wellwood            J.T. Miller              Mats Zuccarello          30     0   1  4  
 3 Marcus Kruger            Dany Heatley             Jaromir Jagr             20     0   1  4  
 4 Matthew Lombardi         Chris Mcallister         Brian McGrattan          10     0   4  1  

5 vs 5 Defense 
   Defense                  Defense                                           Time % Phy DF OF 
 1 Oliver Ekman-Larsson     Jonathan Ericsson                                 30     1   3  1  
 2 Jeff Woywitka            Nathan Beaulieu                                   30     1   3  1  
 3 Victor Bartley           Matt Smaby                                        30     1   3  1  
 4 Oliver Ekman-Larsson     Jeff Woywitka                                     10     1   3  1  

PowerPlay Forward 
   Center                   Left Wing                Right Wing               Time % Phy DF OF 
 1 Jeff Carter              Drew Miller              Jakub Voracek            50     0   1  4  
 2 Kyle Wellwood            J.T. Miller              Mats Zuccarello          50     0   1  4  

PowerPlay Defense
   Defense                  Defense                                           Time % Phy DF OF 
 1 Oliver Ekman-Larsson     Matt Smaby                                        50     0   2  3  
 2 Jonathan Ericsson        Jeff Woywitka                                     50     0   2  3  

Penalty Kill 4 Players Forward 
   Center                   Wing                     Time % Phy DF OF 
 1 Matthew Lombardi         Chris Mcallister         50     0   4  1  
 2 Kyle Wellwood            J.T. Miller              50     0   4  1  

Penalty Kill 4 Players Defense
   Defense                  Defense                  Time % Phy DF OF 
 1 Oliver Ekman-Larsson     Matt Smaby               50     1   4  0  
 2 Jeff Woywitka            Jonathan Ericsson        50     1   4  0  

Penalty Kill - 3 Players Forward 
   Forward                                           Time % Phy DF OF 
 1 Matthew Lombardi                                  50     0   4  1  
 2 Kyle Wellwood                                     50     0   4  1  

Penalty Kill - 3 Players Defense
   Defense                  Defense                  Time % Phy DF OF 
 1 Oliver Ekman-Larsson     Matt Smaby               50     1   4  0  
 2 Jeff Woywitka            Jonathan Ericsson        50     1   4  0  

4 vs 4 Forward 
   Center                   Wing                     Time % Phy DF OF 
 1 Jeff Carter              Jakub Voracek            50     0   2  3  
 2 Kyle Wellwood            J.T. Miller              50     0   2  3  

4 vs 4 Defense
   Defense                  Defense                  Time % Phy DF OF 
 1 Oliver Ekman-Larsson     Matt Smaby               50     1   3  1  
 2 Jeff Woywitka            Jonathan Ericsson        50     1   3  1  

Last Minutes Offensive
   Center                   Left Wing                Right Wing               Defense                  Defense                  
   Jeff Carter              Drew Miller              Jakub Voracek            Oliver Ekman-Larsson     Jeff Woywitka            

Last Minutes Defensive
   Center                   Left Wing                Right Wing               Defense                  Defense                  
   Matthew Lombardi         Chris Mcallister         Brian McGrattan          Oliver Ekman-Larsson     Jeff Woywitka            

Goaltenders
Starting : Cory Schneider           
Backup : Steve Mason              

Extra Forwards
Normal : Jeff Carter, Kyle Wellwood, Drew Miller - PP : Jeff Carter, Kyle Wellwood - PK : Chris Mcallister
Extra Defensemen
Normal : Oliver Ekman-Larsson, Jeff Woywitka, Jonathan Ericsson - PP : Oliver Ekman-Larsson - PK : Oliver Ekman-Larsson, Jeff Woywitka
Penalty Shots
Jeff Carter, Dany Heatley, Kyle Wellwood, Jaromir Jagr, J.T. Miller

Scratches
Brian Lashoff (Healthy)

Red Wings

5 vs 5 Forward 
   Center                   Left Wing                Right Wing               Time % Phy DF OF 
 1 Tyler Johnson            Adam Henrique            Phil Kessel              36     0   2  3  
 2 Mike Richards            Sean Bergenheim          Tyler Toffoli            36     0   2  3  
 3 Chris Kelly              Alex Picard              Ales Hemsky              20     0   3  2  
 4 Nate Thompson            Oleg Saprykin            Carson Mcmillan          8      1   2  2  

5 vs 5 Defense 
   Defense                  Defense                                           Time % Phy DF OF 
 1 Brent Seabrook           Jiri Fischer                                      35     0   3  2  
 2 Ole-Kristian Tollefsen   Philip Samuelsson                                 35     0   3  2  
 3 Lubomir Visnovsky        Ryan Whitney                                      20     0   3  2  
 4 Lubomir Visnovsky        Ryan Whitney                                      10     0   3  2  

PowerPlay Forward 
   Center                   Left Wing                Right Wing               Time % Phy DF OF 
 1 Tyler Johnson            Adam Henrique            Phil Kessel              60     0   1  4  
 2 Mike Richards            Sean Bergenheim          Tyler Toffoli            40     0   1  4  

PowerPlay Defense
   Defense                  Defense                                           Time % Phy DF OF 
 1 Philip Samuelsson        Brent Seabrook                                    60     0   2  3  
 2 Ole-Kristian Tollefsen   Ryan Whitney                                      40     0   2  3  

Penalty Kill 4 Players Forward 
   Center                   Wing                     Time % Phy DF OF 
 1 Oleg Saprykin            Sean Bergenheim          50     1   2  2  
 2 Tyler Johnson            Carson Mcmillan          50     1   2  2  

Penalty Kill 4 Players Defense
   Defense                  Defense                  Time % Phy DF OF 
 1 Lubomir Visnovsky        Philip Samuelsson        50     1   2  2  
 2 Jiri Fischer             Ole-Kristian Tollefsen   50     1   2  2  

Penalty Kill - 3 Players Forward 
   Forward                                           Time % Phy DF OF 
 1 Oleg Saprykin                                     60     1   2  2  
 2 Carson Mcmillan                                   40     1   2  2  

Penalty Kill - 3 Players Defense
   Defense                  Defense                  Time % Phy DF OF 
 1 Lubomir Visnovsky        Philip Samuelsson        50     1   2  2  
 2 Jiri Fischer             Ole-Kristian Tollefsen   50     1   2  2  

4 vs 4 Forward 
   Center                   Wing                     Time % Phy DF OF 
 1 Mike Richards            Adam Henrique            60     1   2  2  
 2 Tyler Johnson            Phil Kessel              40     1   2  2  

4 vs 4 Defense
   Defense                  Defense                  Time % Phy DF OF 
 1 Brent Seabrook           Jiri Fischer             60     1   2  2  
 2 Ole-Kristian Tollefsen   Philip Samuelsson        40     1   2  2  

Last Minutes Offensive
   Center                   Left Wing                Right Wing               Defense                  Defense                  
   Tyler Johnson            Adam Henrique            Phil Kessel              Brent Seabrook           Ole-Kristian Tollefsen   

Last Minutes Defensive
   Center                   Left Wing                Right Wing               Defense                  Defense                  
   Tyler Johnson            Oleg Saprykin            Carson Mcmillan          Jiri Fischer             Lubomir Visnovsky        

Goaltenders
Starting : James Reimer             
Backup : John Gibson              

Extra Forwards
Normal : Adam Henrique, Sean Bergenheim, Chris Kelly - PP : Chris Kelly, Ales Hemsky - PK : Chris Kelly
Extra Defensemen
Normal : Brent Seabrook, Philip Samuelsson, Lubomir Visnovsky - PP : Jiri Fischer - PK : Brent Seabrook, Ole-Kristian Tollefsen
Penalty Shots
Phil Kessel, Mike Richards, Carson Mcmillan, Alex Picard, Sean Bergenheim

Scratches
Brendan Bell (Healthy), Michael Haley (Healthy)

% Time on Ice - Flyers

Lines # - Real PCT - Wanted PCT - Time Play
Normal Forward
1 - 33% - 40% - 16:21
2 - 25% - 30% - 12:29
3 - 24% - 20% - 11:52
4 - 19% - 10% - 9:23
Normal Defense
1 - 31% - 30% - 15:25
2 - 29% - 30% - 14:42
3 - 32% - 30% - 15:47
4 - 8% - 10% - 4:11
PP Forward
1 - 45% - 50% - 3:35
2 - 55% - 50% - 4:21
PP Defense
1 - 45% - 50% - 3:33
2 - 55% - 50% - 4:23
PK Forward
1 - 55% - 50% - 1:06
2 - 45% - 50% - 0:53
PK Defense
1 - 72% - 50% - 1:26
2 - 28% - 50% - 0:33
PK3 Forward
1 - 0% - 50%
2 - 0% - 50%
PK3 Defense
1 - 0% - 50%
2 - 0% - 50%
44 Forward
1 - 46% - 50% - 2:19
2 - 54% - 50% - 2:41
44 Defense
1 - 43% - 50% - 2:08
2 - 57% - 50% - 2:52
Last Minute Offensive  - 0:00
Last Minute Defensive  - 0:00
Total
Forward - 65:00
Defense - 65:00

% Time on Ice - Red Wings

Lines # - Real PCT - Wanted PCT - Time Play
Normal Forward
1 - 32% - 36% - 16:04
2 - 28% - 36% - 13:48
3 - 23% - 20% - 11:33
4 - 17% - 8% - 8:40
Normal Defense
1 - 35% - 35% - 17:17
2 - 35% - 35% - 17:25
3 - 21% - 20% - 10:18
4 - 10% - 10% - 5:05
PP Forward
1 - 55% - 60% - 1:05
2 - 45% - 40% - 0:54
PP Defense
1 - 60% - 60% - 1:11
2 - 40% - 40% - 0:48
PK Forward
1 - 51% - 50% - 4:01
2 - 49% - 50% - 3:55
PK Defense
1 - 48% - 50% - 3:48
2 - 52% - 50% - 4:08
PK3 Forward
1 - 0% - 60%
2 - 0% - 40%
PK3 Defense
1 - 0% - 50%
2 - 0% - 50%
44 Forward
1 - 75% - 60% - 3:44
2 - 25% - 40% - 1:16
44 Defense
1 - 64% - 60% - 3:13
2 - 36% - 40% - 1:47
Last Minute Offensive  - 0:00
Last Minute Defensive  - 0:00
Total
Forward - 65:00
Defense - 65:00

Play by Play

1st period


0:01 of 1st period - Jeff Carter wins face-off versus Tyler Johnson in neutral zone.
0:06 of 1st period - Wrist shot by Jakub Voracek.
0:06 of 1st period - Stopped by James Reimer without a rebound.
0:07 of 1st period - Jeff Carter wins face-off versus Tyler Johnson in Red Wings zone.
0:23 of 1st period - Snap shot by Phil Kessel.
0:23 of 1st period - Stopped by Cory Schneider with a rebound.
0:45 of 1st period - Slapshot by Jeff Carter.
0:45 of 1st period - Shot Misses the Net.
0:53 of 1st period - Snap shot by Jakub Voracek.
0:53 of 1st period - Stopped by James Reimer with a rebound.
1:09 of 1st period - Snap shot by Jeff Carter.
1:09 of 1st period - Stopped by James Reimer without a rebound.
1:10 of 1st period - Mike Richards wins face-off versus Kyle Wellwood in Red Wings zone.
1:10 of 1st period - Mike Richards is hit by Nathan Beaulieu.
1:18 of 1st period - Snap shot by Kyle Wellwood.
1:18 of 1st period - Stopped by James Reimer without a rebound.
1:19 of 1st period - Kyle Wellwood wins face-off versus Mike Richards in Red Wings zone.
1:22 of 1st period - Slapshot by Kyle Wellwood.
1:22 of 1st period - Stopped by James Reimer with a rebound.
1:40 of 1st period - Snap shot by Kyle Wellwood.
1:40 of 1st period - Shot Misses the Net.
1:42 of 1st period - Slapshot by Nathan Beaulieu.
1:42 of 1st period - Stopped by James Reimer with a rebound.
1:44 of 1st period - Slapshot by Jeff Woywitka.
1:44 of 1st period - Deflect By Kyle Wellwood.
1:44 of 1st period - Stopped by James Reimer without a rebound.
1:45 of 1st period - Marcus Kruger wins face-off versus Chris Kelly in Red Wings zone.
2:53 of 1st period - Snap shot by Tyler Johnson.
2:53 of 1st period - Shot Misses the Net.
2:55 of 1st period - Snap shot by Philip Samuelsson.
2:55 of 1st period - Stopped by Cory Schneider with a rebound.
3:01 of 1st period - Wrist shot by Tyler Johnson.
3:01 of 1st period - Deflect By Adam Henrique.
3:01 of 1st period - Shot Misses the Net.
3:01 of 1st period - Puck is out of play.
3:02 of 1st period - Chris Kelly wins face-off versus Marcus Kruger in Flyers zone.
4:30 of 1st period - Off-side.
4:31 of 1st period - Chris Kelly wins face-off versus Marcus Kruger in neutral zone.
4:38 of 1st period - Icing by Dany Heatley.
4:39 of 1st period - Marcus Kruger wins face-off versus Mike Richards in Flyers zone.
4:39 of 1st period - Marcus Kruger is hit by Tyler Toffoli.
5:31 of 1st period - Snap shot by Jaromir Jagr.
5:31 of 1st period - Stopped by James Reimer with a rebound.
5:33 of 1st period - Slapshot by Matt Smaby.
5:33 of 1st period - Stopped by James Reimer without a rebound.
5:34 of 1st period - Tyler Johnson wins face-off versus Jeff Carter in Red Wings zone.
5:36 of 1st period - Minor Penalty to Brent Seabrook for Holding.
5:37 of 1st period - Tyler Johnson wins face-off versus Jeff Carter in Red Wings zone.
7:36 of 1st period - Penalty to Brent Seabrook is over, Brent Seabrook is back on ice.
7:41 of 1st period - Drew Miller is hit by Ryan Whitney and loses puck.
7:48 of 1st period - Snap shot by Ales Hemsky.
7:48 of 1st period - Shot Misses the Net.
8:16 of 1st period - Snap shot by Marcus Kruger.
8:16 of 1st period - Shot Misses the Net.
8:18 of 1st period - Snap shot by Dany Heatley.
8:18 of 1st period - Stopped by James Reimer with a rebound.
8:20 of 1st period - Slapshot by Jeff Woywitka.
8:20 of 1st period - Stopped by James Reimer with a rebound.
8:22 of 1st period - Backhand shot by Dany Heatley.
8:22 of 1st period - Stopped by James Reimer with a rebound.
8:32 of 1st period - Snap shot by Chris Kelly.
8:32 of 1st period - Stopped by Cory Schneider without a rebound.
8:33 of 1st period - Matthew Lombardi wins face-off versus Chris Kelly in Flyers zone.
9:12 of 1st period - J.T. Miller is hit by Brent Seabrook and loses puck.
9:57 of 1st period - Wrist shot by Dany Heatley.
9:57 of 1st period - Shot Misses the Net.
9:59 of 1st period - Snap shot by Marcus Kruger.
9:59 of 1st period - Shot Misses the Net.
10:10 of 1st period - Off-side.
10:11 of 1st period - Matthew Lombardi wins face-off versus Mike Richards in neutral zone.
10:23 of 1st period - Minor Penalty to Matt Smaby for Hooking.
10:24 of 1st period - Tyler Johnson wins face-off versus Matthew Lombardi in Flyers zone.
10:25 of 1st period - Snap shot by Adam Henrique.
10:25 of 1st period - Deflect By Tyler Johnson.
10:25 of 1st period - Stopped by Cory Schneider without a rebound.
10:26 of 1st period - Tyler Johnson wins face-off versus Matthew Lombardi in Flyers zone.
12:23 of 1st period - Penalty to Matt Smaby is over, Matt Smaby is back on ice.
12:37 of 1st period - Philip Samuelsson is hit by Drew Miller and loses puck.
12:58 of 1st period - Brent Seabrook is hit by Marcus Kruger and loses puck.
13:07 of 1st period - Matt Smaby is hit by Philip Samuelsson and loses puck.
13:24 of 1st period - Sean Bergenheim is hit by Matthew Lombardi and loses puck.
14:06 of 1st period - Snap shot by Jeff Carter.
14:06 of 1st period - Shot Misses the Net.
14:20 of 1st period - Chris Kelly is hit by Jeff Woywitka and loses puck.
14:50 of 1st period - Sean Bergenheim is hit by Brian McGrattan and loses puck.
15:11 of 1st period - Dany Heatley is hit by Brent Seabrook and loses puck.
16:08 of 1st period - Snap shot by Mats Zuccarello.
16:08 of 1st period - Shot Blocked by Ryan Whitney.
17:42 of 1st period - Wrist shot by Jakub Voracek.
17:42 of 1st period - Stopped by James Reimer with a rebound.
17:59 of 1st period - Snap shot by Mike Richards.
17:59 of 1st period - Stopped by Cory Schneider without a rebound.
18:00 of 1st period - Kyle Wellwood wins face-off versus Tyler Johnson in Flyers zone.
18:11 of 1st period - Snap shot by J.T. Miller.
18:11 of 1st period - Shot Misses the Net.
18:23 of 1st period - J.T. Miller is hit by Tyler Johnson and loses puck.
18:42 of 1st period - Snap shot by Mats Zuccarello.
18:42 of 1st period - Stopped by James Reimer without a rebound.
18:43 of 1st period - Mike Richards wins face-off versus Jeff Carter in Red Wings zone.
18:48 of 1st period - Slapshot by Mike Richards.
18:48 of 1st period - Stopped by Cory Schneider without a rebound.
18:49 of 1st period - Jeff Carter wins face-off versus Mike Richards in Flyers zone.
Goals for this period are 0 for Flyers vs 0 for Red Wings.
Shots for this period are 14 for Flyers vs 6 for Red Wings.

2nd period


0:01 of 2nd period - Tyler Johnson wins face-off versus Jakub Voracek in neutral zone.
0:26 of 2nd period - J.T. Miller is hit by Mike Richards and loses puck.
0:31 of 2nd period - Slapshot by Brent Seabrook.
0:31 of 2nd period - Deflect By Mats Zuccarello.
0:31 of 2nd period - Stopped by Cory Schneider with a rebound.
0:33 of 2nd period - Slapshot by Tyler Toffoli.
0:33 of 2nd period - Shot Misses the Net.
1:14 of 2nd period - Slapshot by Jakub Voracek.
1:14 of 2nd period - Stopped by James Reimer without a rebound.
1:15 of 2nd period - Tyler Johnson wins face-off versus Kyle Wellwood in Red Wings zone.
1:19 of 2nd period - Off-side.
1:20 of 2nd period - Adam Henrique wins face-off versus Mats Zuccarello in neutral zone.
1:50 of 2nd period - Slapshot by Jeff Carter.
1:50 of 2nd period - Deflect By Drew Miller.
1:50 of 2nd period - Stopped by James Reimer without a rebound.
1:51 of 2nd period - Jeff Carter wins face-off versus Mike Richards in Red Wings zone.
1:58 of 2nd period - Slapshot by Tyler Toffoli.
1:58 of 2nd period - Shot Misses the Net.
2:18 of 2nd period - Phil Kessel is hit by J.T. Miller and loses puck.
2:41 of 2nd period - Slapshot by Jiri Fischer.
2:41 of 2nd period - Shot Blocked by Jeff Woywitka.
2:59 of 2nd period - Off-side.
3:00 of 2nd period - Nate Thompson wins face-off versus Matthew Lombardi in neutral zone.
3:05 of 2nd period - Ole-Kristian Tollefsen is hit by Matt Smaby and loses puck.
3:10 of 2nd period - Wrist shot by Brian McGrattan.
3:10 of 2nd period - Shot Hit the Post.
3:52 of 2nd period - Slapshot by Ole-Kristian Tollefsen.
3:52 of 2nd period - Stopped by Cory Schneider with a rebound.
4:16 of 2nd period - Slapshot by Ole-Kristian Tollefsen.
4:16 of 2nd period - Shot Misses the Net.
4:18 of 2nd period - Slapshot by Ole-Kristian Tollefsen.
4:18 of 2nd period - Shot Misses the Net.
4:20 of 2nd period - Slapshot by Philip Samuelsson.
4:20 of 2nd period - Deflect By Tyler Johnson.
4:20 of 2nd period - Red Wings goal is going for a video replay.
4:20 of 2nd period - The goal is good.
4:20 of 2nd period - Goal by Tyler Johnson - Flyers : 0 - Red Wings : 1.
4:21 of 2nd period - Mike Richards wins face-off versus Jeff Carter in neutral zone.
4:35 of 2nd period - Icing by Oliver Ekman-Larsson.
4:36 of 2nd period - Jeff Carter wins face-off versus Tyler Johnson in Flyers zone.
4:52 of 2nd period - Off-side.
4:53 of 2nd period - Kyle Wellwood wins face-off versus Mike Richards in neutral zone.
4:56 of 2nd period - Snap shot by Jeff Woywitka.
4:56 of 2nd period - Deflect By Mats Zuccarello.
4:56 of 2nd period - Stopped by James Reimer without a rebound.
4:57 of 2nd period - Mike Richards wins face-off versus Kyle Wellwood in Red Wings zone.
5:12 of 2nd period - Snap shot by J.T. Miller.
5:12 of 2nd period - Stopped by James Reimer with a rebound.
5:14 of 2nd period - Wrist shot by Mats Zuccarello.
5:14 of 2nd period - Flyers goal is going for a video replay.
5:14 of 2nd period - The goal is good.
5:14 of 2nd period - Goal by Mats Zuccarello - Flyers : 1 - Red Wings : 1.
5:15 of 2nd period - Tyler Johnson wins face-off versus Jeff Carter in neutral zone.
5:24 of 2nd period - Wrist shot by Adam Henrique.
5:24 of 2nd period - Stopped by Cory Schneider without a rebound.
5:25 of 2nd period - Tyler Johnson wins face-off versus Jeff Carter in Flyers zone.
5:34 of 2nd period - Wrist shot by Adam Henrique.
5:34 of 2nd period - Deflect By Phil Kessel.
5:34 of 2nd period - Stopped by Cory Schneider with a rebound.
5:36 of 2nd period - Snap shot by Tyler Johnson.
5:36 of 2nd period - Shot Misses the Net.
5:38 of 2nd period - Snap shot by Philip Samuelsson.
5:38 of 2nd period - Shot Blocked by Jeff Woywitka.
5:40 of 2nd period - Slapshot by Adam Henrique.
5:40 of 2nd period - Shot Misses the Net.
5:42 of 2nd period - Slapshot by Ole-Kristian Tollefsen.
5:42 of 2nd period - Stopped by Cory Schneider without a rebound.
5:43 of 2nd period - Mike Richards wins face-off versus Kyle Wellwood in Flyers zone.
5:44 of 2nd period - Slapshot by Tyler Toffoli.
5:44 of 2nd period - Stopped by Cory Schneider with a rebound.
6:00 of 2nd period - Icing by Kyle Wellwood.
6:01 of 2nd period - Kyle Wellwood wins face-off versus Tyler Johnson in Flyers zone.
6:10 of 2nd period - Snap shot by J.T. Miller.
6:10 of 2nd period - Stopped by James Reimer without a rebound.
6:11 of 2nd period - Phil Kessel wins face-off versus Jeff Carter in Red Wings zone.
6:13 of 2nd period - Minor Penalty to Brent Seabrook for Hooking.
6:14 of 2nd period - Jeff Carter wins face-off versus Tyler Johnson in Red Wings zone.
6:16 of 2nd period - Snap shot by Drew Miller.
6:16 of 2nd period - Stopped by James Reimer with a rebound.
6:45 of 2nd period - Lubomir Visnovsky is hit by J.T. Miller and loses puck.
8:13 of 2nd period - Penalty to Brent Seabrook is over, Brent Seabrook is back on ice.
8:36 of 2nd period - Brian McGrattan is hit by Tyler Toffoli and loses puck.
9:03 of 2nd period - Nathan Beaulieu is hit by Lubomir Visnovsky and loses puck.
9:48 of 2nd period - J.T. Miller is hit by Chris Kelly and loses puck.
10:15 of 2nd period - Tyler Johnson is hit by Jonathan Ericsson.
10:59 of 2nd period - Brian McGrattan is hit by Lubomir Visnovsky and loses puck.
11:17 of 2nd period - Ryan Whitney is hit by Oliver Ekman-Larsson and loses puck.
12:15 of 2nd period - Jiri Fischer is hit by Nathan Beaulieu and loses puck.
12:34 of 2nd period - Slapshot by Nate Thompson.
12:34 of 2nd period - Shot Misses the Net.
12:40 of 2nd period - Jiri Fischer is hit by Brian McGrattan and loses puck.
13:01 of 2nd period - Jiri Fischer is hit by Jaromir Jagr.
13:28 of 2nd period - Tyler Johnson is hit by Kyle Wellwood and loses puck.
13:47 of 2nd period - Jeff Woywitka is hit by Chris Kelly and loses puck.
13:54 of 2nd period - Slapshot by Nathan Beaulieu.
13:54 of 2nd period - Deflect By Mats Zuccarello.
13:54 of 2nd period - Goal by Mats Zuccarello - Flyers : 2 - Red Wings : 1.
13:55 of 2nd period - Jeff Carter wins face-off versus Mike Richards in neutral zone.
15:09 of 2nd period - Snap shot by Matthew Lombardi.
15:09 of 2nd period - Deflect By Brian McGrattan.
15:09 of 2nd period - Stopped by James Reimer with a rebound.
15:11 of 2nd period - Wrist shot by Brian McGrattan.
15:11 of 2nd period - Stopped by James Reimer without a rebound.
15:12 of 2nd period - Mike Richards wins face-off versus Matthew Lombardi in Red Wings zone.
15:38 of 2nd period - Drew Miller is hit by Phil Kessel and loses puck.
16:29 of 2nd period - Snap shot by Nate Thompson.
16:29 of 2nd period - Stopped by Cory Schneider with a rebound.
16:31 of 2nd period - Slapshot by Ole-Kristian Tollefsen.
16:31 of 2nd period - Stopped by Cory Schneider with a rebound.
16:33 of 2nd period - Slapshot by Oleg Saprykin.
16:33 of 2nd period - Shot Misses the Net.
16:35 of 2nd period - Wrist shot by Nate Thompson.
16:35 of 2nd period - Stopped by Cory Schneider with a rebound.
17:02 of 2nd period - Icing by Jeff Carter.
17:03 of 2nd period - Tyler Johnson wins face-off versus Jakub Voracek in Flyers zone.
18:18 of 2nd period - Snap shot by Marcus Kruger.
18:18 of 2nd period - Stopped by James Reimer with a rebound.
18:20 of 2nd period - Wrist shot by Dany Heatley.
18:20 of 2nd period - Shot Misses the Net.
18:22 of 2nd period - Slapshot by Jeff Woywitka.
18:22 of 2nd period - Deflect By Marcus Kruger.
18:22 of 2nd period - Stopped by James Reimer without a rebound.
18:23 of 2nd period - Mike Richards wins face-off versus Marcus Kruger in Red Wings zone.
18:48 of 2nd period - Brent Seabrook is hit by Jakub Voracek and loses puck.
19:34 of 2nd period - Matthew Lombardi is hit by Sean Bergenheim and loses puck.
19:45 of 2nd period - Slapshot by Mike Richards.
19:45 of 2nd period - Shot Misses the Net.
Goals for this period are 2 for Flyers vs 1 for Red Wings.
Shots for this period are 12 for Flyers vs 10 for Red Wings.

3rd period


0:01 of 3rd period - Tyler Johnson wins face-off versus Jeff Carter in neutral zone.
0:26 of 3rd period - Mike Richards is hit by Kyle Wellwood and loses puck.
2:35 of 3rd period - Wrist shot by Ales Hemsky.
2:35 of 3rd period - Stopped by Cory Schneider with a rebound.
2:37 of 3rd period - Wrist shot by Chris Kelly.
2:37 of 3rd period - Goal by Chris Kelly - Flyers : 2 - Red Wings : 2.
2:38 of 3rd period - Tyler Johnson wins face-off versus Jeff Carter in neutral zone.
2:45 of 3rd period - Slapshot by Jeff Carter.
2:45 of 3rd period - Deflect By Jakub Voracek.
2:45 of 3rd period - Shot Misses the Net.
2:45 of 3rd period - Puck is out of play.
2:46 of 3rd period - Jeff Carter wins face-off versus Tyler Johnson in Red Wings zone.
4:02 of 3rd period - Snap shot by Phil Kessel.
4:02 of 3rd period - Stopped by Cory Schneider with a rebound.
4:08 of 3rd period - Wrist shot by Tyler Johnson.
4:08 of 3rd period - Stopped by Cory Schneider without a rebound.
4:09 of 3rd period - Mike Richards wins face-off versus Kyle Wellwood in Flyers zone.
4:36 of 3rd period - Jonathan Ericsson is hit by Nate Thompson and loses puck.
5:36 of 3rd period - Wrist shot by Marcus Kruger.
5:36 of 3rd period - Shot Blocked by Lubomir Visnovsky.
6:00 of 3rd period - Wrist shot by Chris Mcallister.
6:00 of 3rd period - Stopped by James Reimer without a rebound.
6:01 of 3rd period - Matthew Lombardi wins face-off versus Mike Richards in Red Wings zone.
6:27 of 3rd period - Jeff Woywitka is hit by Brent Seabrook.
6:52 of 3rd period - Philip Samuelsson is hit by Oliver Ekman-Larsson and loses puck.
7:07 of 3rd period - Dany Heatley is hit by Ole-Kristian Tollefsen and loses puck.
7:18 of 3rd period - Slapshot by Marcus Kruger.
7:18 of 3rd period - Stopped by James Reimer with a rebound.
7:36 of 3rd period - Slapshot by Ole-Kristian Tollefsen.
7:36 of 3rd period - Stopped by Cory Schneider with a rebound.
7:38 of 3rd period - Snap shot by Sean Bergenheim.
7:38 of 3rd period - Shot Misses the Net.
7:48 of 3rd period - Lubomir Visnovsky is hit by Matt Smaby and loses puck.
8:04 of 3rd period - Minor Penalty to Phil Kessel for Hooking.
8:05 of 3rd period - Tyler Johnson wins face-off versus Kyle Wellwood in Red Wings zone.
9:18 of 3rd period - Jiri Fischer is hit by Kyle Wellwood and loses puck.
9:29 of 3rd period - Jakub Voracek is hit by Oleg Saprykin and loses puck.
10:04 of 3rd period - Penalty to Phil Kessel is over, Phil Kessel is back on ice.
10:25 of 3rd period - Backhand shot by Marcus Kruger.
10:25 of 3rd period - Shot Blocked by Jiri Fischer.
10:27 of 3rd period - Slapshot by Oliver Ekman-Larsson.
10:27 of 3rd period - Deflect By Chris Kelly.
10:27 of 3rd period - Stopped by James Reimer with a rebound.
10:53 of 3rd period - Lubomir Visnovsky is hit by Jeff Woywitka and loses puck.
12:07 of 3rd period - Ryan Whitney is hit by Jonathan Ericsson.
12:17 of 3rd period - Brian McGrattan is hit by Nate Thompson and loses puck.
13:16 of 3rd period - Ales Hemsky is hit by Dany Heatley and loses puck.
13:46 of 3rd period - Icing by Carson Mcmillan.
13:47 of 3rd period - Nate Thompson wins face-off versus Jakub Voracek in Red Wings zone.
13:47 of 3rd period - Nate Thompson is hit by Jeff Carter.
14:17 of 3rd period - Snap shot by Sean Bergenheim.
14:17 of 3rd period - Stopped by Cory Schneider with a rebound.
14:27 of 3rd period - Lubomir Visnovsky is hit by Mats Zuccarello and loses puck.
15:08 of 3rd period - Slapshot by Brian McGrattan.
15:08 of 3rd period - Shot Blocked by Chris Kelly.
15:10 of 3rd period - Snap shot by Jonathan Ericsson.
15:10 of 3rd period - Shot Blocked by Alex Picard.
15:59 of 3rd period - Wrist shot by Marcus Kruger.
15:59 of 3rd period - Shot Misses the Net.
16:18 of 3rd period - Minor Penalty to Mike Richards for Hooking.
16:19 of 3rd period - Tyler Johnson wins face-off versus Kyle Wellwood in Red Wings zone.
16:28 of 3rd period - Icing by J.T. Miller.
16:29 of 3rd period - Kyle Wellwood wins face-off versus Oleg Saprykin in Flyers zone.
17:27 of 3rd period - Slapshot by Jonathan Ericsson.
17:27 of 3rd period - Stopped by James Reimer with a rebound.
17:29 of 3rd period - Slapshot by Jonathan Ericsson.
17:29 of 3rd period - Stopped by James Reimer with a rebound.
17:31 of 3rd period - Slapshot by Kyle Wellwood.
17:31 of 3rd period - Shot Hit the Post.
17:41 of 3rd period - Slapshot by Mats Zuccarello.
17:41 of 3rd period - Shot Misses the Net.
17:43 of 3rd period - Slapshot by Jonathan Ericsson.
17:43 of 3rd period - Stopped by James Reimer without a rebound.
17:44 of 3rd period - Jeff Carter wins face-off versus Tyler Johnson in Red Wings zone.
18:18 of 3rd period - Penalty to Mike Richards is over, Mike Richards is back on ice.
18:29 of 3rd period - Off-side.
18:30 of 3rd period - Marcus Kruger wins face-off versus Chris Kelly in neutral zone.
18:35 of 3rd period - Slapshot by Matt Smaby.
18:35 of 3rd period - Stopped by James Reimer with a rebound.
18:50 of 3rd period - Marcus Kruger is hit by Alex Picard and loses puck.
19:33 of 3rd period - Phil Kessel is hit by Brian McGrattan and loses puck.
19:38 of 3rd period - Slapshot by Brian McGrattan.
19:38 of 3rd period - Shot Misses the Net.
19:40 of 3rd period - Slapshot by Oliver Ekman-Larsson.
19:40 of 3rd period - Stopped by James Reimer with a rebound.
Goals for this period are 0 for Flyers vs 1 for Red Wings.
Shots for this period are 8 for Flyers vs 6 for Red Wings.

Overtime #1


0:01 of 1st overtime period - Jeff Carter wins face-off versus Mike Richards in neutral zone.
0:26 of 1st overtime period - Brent Seabrook is hit by Matt Smaby and loses puck.
0:55 of 1st overtime period - J.T. Miller is hit by Chris Kelly and loses puck.
1:00 of 1st overtime period - Slapshot by Brent Seabrook.
1:00 of 1st overtime period - Shot Misses the Net.
1:02 of 1st overtime period - Backhand shot by Sean Bergenheim.
1:02 of 1st overtime period - Deflect By Chris Kelly.
1:02 of 1st overtime period - Stopped by Cory Schneider without a rebound.
1:03 of 1st overtime period - Jeff Carter wins face-off versus Mike Richards in Flyers zone.
1:08 of 1st overtime period - Jiri Fischer is hit by Jeff Carter and loses puck.
1:15 of 1st overtime period - Wrist shot by Jeff Carter.
1:15 of 1st overtime period - Stopped by James Reimer with a rebound.
1:17 of 1st overtime period - Snap shot by Jeff Woywitka.
1:17 of 1st overtime period - Stopped by James Reimer with a rebound.
2:40 of 1st overtime period - Jakub Voracek is hit by Ole-Kristian Tollefsen and loses puck.
3:10 of 1st overtime period - Sean Bergenheim is hit by Drew Miller and loses puck.
4:02 of 1st overtime period - Victor Bartley is hit by Sean Bergenheim and loses puck.
4:31 of 1st overtime period - Lubomir Visnovsky is hit by Nathan Beaulieu and loses puck.
Goals for this period are 0 for Flyers vs 0 for Red Wings.
Shots for this period are 2 for Flyers vs 1 for Red Wings.

ShootOut


5:00 of 1st overtime period - Penalty Shot by Jeff Carter for Flyers.
5:00 of 1st overtime period - Wrist shot by Jeff Carter.
5:00 of 1st overtime period - Shot Misses the Net.
5:00 of 1st overtime period - Penalty Shot by Phil Kessel for Red Wings.
5:00 of 1st overtime period - Backhand shot by Phil Kessel.
5:00 of 1st overtime period - Stopped by Cory Schneider.
5:00 of 1st overtime period - Penalty Shot by Dany Heatley for Flyers.
5:00 of 1st overtime period - Wrist shot by Dany Heatley.
5:00 of 1st overtime period - Stopped by James Reimer.
5:00 of 1st overtime period - Penalty Shot by Mike Richards for Red Wings.
5:00 of 1st overtime period - Wrist shot by Mike Richards.
5:00 of 1st overtime period - Stopped by Cory Schneider.
5:00 of 1st overtime period - Penalty Shot by Kyle Wellwood for Flyers.
5:00 of 1st overtime period - Wrist shot by Kyle Wellwood.
5:00 of 1st overtime period - Goal by Kyle Wellwood.
5:00 of 1st overtime period - Penalty Shot by Carson Mcmillan for Red Wings.
5:00 of 1st overtime period - Deke by Carson Mcmillan.
5:00 of 1st overtime period - Goal by Carson Mcmillan.
5:00 of 1st overtime period - Penalty Shot by Jaromir Jagr for Flyers.
5:00 of 1st overtime period - Wrist shot by Jaromir Jagr.
5:00 of 1st overtime period - Goal by Jaromir Jagr.
5:00 of 1st overtime period - Penalty Shot by Alex Picard for Red Wings.
5:00 of 1st overtime period - Deke by Alex Picard.
5:00 of 1st overtime period - Shot Misses the Net.